 Dungeon Crawl Stone Soup version 0.28-a0-258-g8de209e91f (webtiles) character file.

Game seed: 17374864357424591693

49020 rogsnak the Eclecticist (level 14, -16/94 HPs)
             Began as a Djinni Fire Elementalist on Aug 26, 2021.
             Was a High Priest of Makhleb.
             Frozen to death by Henass's ghost (31 damage)
             ... on level 12 of the Dungeon on Aug 27, 2021.
             The game lasted 00:56:15 (16722 turns).

rogsnak the Eclecticist (Djinni Fire Elementalist) Turns: 16722, Time: 00:56:16

Health: -16/94     AC: 13    Str:  7    XL:     14   Next: 90%
Gold:   2167       EV: 16    Int: 22    God:    Makhleb [*****.] SH: 10 Dex: 17

rFire   + + .      SeeInvis +   a - +10 flail "Beastbane" {antimagic, SInv}
rCold   x . .      Faith    .   b - +0 buckler
rNeg    . . .      Spirit   .   X - +0 troll leather armour
rPois   ∞          Reflect  +   (no helmet)
rElec   .          Harm     .   G - +0 cloak
rCorr   .          Rampage  .   u - +2 pair of gloves {Dex+3}
Will    +....                   (boots unavailable)
Stlth   ++........              W - amulet of reflection
HPRegen 1.25/turn               q - +4 ring of protection
MPRegen 0.00/turn               k - ring of wizardry

@: flying, studying 3 skills
A: sickness immunity, fire resistance 2, cold vulnerability 1, float, innate
caster, hp casting, extra vitality 1
a: Renounce Religion, Minor Destruction, Lesser Servant of Makhleb, Major
Destruction, Greater Servant of Makhleb


You were on level 12 of the Dungeon.
You worshipped Makhleb.
Makhleb was extremely pleased with you.
You visited 3 branches of the dungeon, and saw 17 of its levels.
You also visited: Bailey.

You collected 2167 gold pieces.

Inventory:

Hand Weapons
 a - the +10 flail "Beastbane" (weapon) {antimagic, SInv}
   (You found it on level 10 of the Dungeon)

   It reduces the magical energy of the wielder, and disrupts the spells and
   magical abilities of those it strikes.
   Natural abilities and divine invocations are not affected.
   SInv:      It lets you see invisible.
 f - a +1 war axe of electrocution
 y - a +4 scimitar of flaming
 F - a +4 dagger of draining
 Y - a +4 dagger of venom
Missiles
 p - 62 poisoned darts
 B - 8 javelins
 C - 11 boomerangs of dispersal
 J - a throwing net
 Q - 2 curare-tipped darts
Armour
 b - a +0 buckler (worn)
 g - a +2 robe of resistance
 u - a +2 pair of gloves of dexterity (worn)
 E - the +2 ring mail of Valour {*Slow +Blink rElec Dex+7}
   (You found it on level 15 of the Dungeon)

   Dex:       It affects your dexterity (+7).
   rElec:     It insulates you from electricity.
   +Blink:    It lets you blink.
   *Slow:     It may slow you when you take damage.
 G - a +0 cloak (worn)
 M - +0 steam dragon scales
 U - a +3 chain mail of cold resistance
 X - a +0 troll leather armour (worn)
Magical Staves
 v - a staff of air
Jewellery
 c - a ring of fire
 h - a ring of resist corrosion
 k - a ring of wizardry (right hand)
 q - a +4 ring of protection (left hand)
 s - a ring of protection from cold
 W - an amulet of reflection (around neck)
Wands
 D - a wand of iceblast (31)
 I - a wand of charming (13)
 K - a wand of mindburst (20)
 L - a wand of acid (11)
 N - a wand of paralysis (6)
Scrolls
 j - 2 scrolls of blinking
 l - 3 scrolls of holy word
 m - 3 scrolls of noise {unknown}
 o - 3 scrolls of enchant armour {unknown}
 t - 4 scrolls of fog {unknown}
 A - 8 scrolls of teleportation {unknown}
 H - 2 scrolls of immolation
 O - 7 scrolls of summoning {unknown}
 P - 4 scrolls of magic mapping {unknown}
 S - a scroll of fear
 T - a scroll of enchant weapon
Potions
 d - a potion of invisibility
 e - a potion of resistance
 i - 3 potions of cancellation {unknown}
 n - 8 potions of curing {unknown}
 r - 7 potions of heal wounds {unknown}
 w - 3 potions of attraction {unknown}
 x - 3 potions of flight {unknown}
 z - 2 potions of berserk rage
 R - 2 potions of haste {unknown}
 V - 2 potions of brilliance {unknown}
 Z - 3 potions of might


   Skills:
 * Level 6.8 Fighting
 - Level 2.8 Maces & Flails
 + Level 6.0 Armour
 + Level 8.4 Dodging
 - Level 1.6 Stealth
 + Level 3.6 Shields
 + Level 16.0 Spellcasting
 + Level 1.2 Evocations


You had 11 spell levels left.
You knew the following spells:

 Your Spells              Type           Power      Damage    Failure   Level
a - Foxfire               Conj/Fire      100%       2x1d9     0%          1
b - Conjure Flame         Conj/Fire      73%        6-21      0%          3
c - Inner Flame           Hex/Fire       73%        N/A       0%          3
d - Sticky Flame          Conj/Fire      73%        2d9       1%          4
e - Fireball              Conj/Fire      36%        3d15      1%          5
f - Sting                 Tmut/Pois      100%       1d8       0%          1
g - Call Imp              Summ           73%        N/A       0%          2
h - Call Canine Familiar  Summ           73%        N/A       0%          3
i - Summon Guardian Gole  Hex/Summ       73%        N/A       0%          3
j - Summon Ice Beast      Ice/Summ       73%        N/A       1%          4
k - Summon Mana Viper     Hex/Summ       73%        N/A       1%          5
Your spell library was empty.

Dungeon Overview and Level Annotations

Branches:
Dungeon (15/15)            Temple (1/1) D:5            Lair (0/6) D:11
    Orc (1/2) D:12         Vaults (0/5) D:14         Depths (0/5) D:15
 Bailey (visited)

Altars:
Ashenzari
Cheibriados
Dithmenos
Elyvilon
Fedhas
Gozag
Hepliaklqana
Kikubaaqudgha
Makhleb
Nemelex Xobeh
Okawaru
Ru
Sif Muna
Trog
Uskayaw
Vehumet
Wu Jian
Xom
Yredelemnul
The Shining One
Beogh

Shops:
D:13 [

Annotations:
D:4 1 runed translucent door, Dittersdorf's ghost, amateur GrFi
D:6 1 runed translucent door, Manisian's ghost, novice DsAK
D:12 Henass's ghost, journeyman DsIE
Orc:1 2 transporters


Innate Abilities, Weirdness & Mutations

You are immune to sickness and miasma.
You are immune to poison.
Your flesh is very heat resistant. (rF++)
You are vulnerable to cold. (rC-)
You float through the air rather than walking.
You learn spells naturally, not from books.
Your magical power is your life essence.
You have superior vitality. (+4 HP)


Message History

Aiming: Corrosive Bolt
Press: ? - help, Shift-Dir - straight line, f - Henass's ghost
Aim: Henass's ghost, wielding a weapon of venom (moderately damaged, 60% to hit)
The bolt of acid misses Henass's ghost.
Henass's ghost completely misses you.
Unknown command.
Aiming: Corrosive Bolt
Press: ? - help, Shift-Dir - straight line, f/p - Henass's ghost
Aim: Henass's ghost, wielding a weapon of venom (moderately damaged, 60% to hit)
The bolt of acid hits Henass's ghost but does no damage.
Henass's ghost is moderately damaged.
You block Henass's ghost's attack.
Casting: Fireball (safe; 1% risk of failure)
Confirm with . or Enter, or press ? or * to list all spells.
Aiming: Fireball (safe; 1% risk of failure)
Press: ? - help, Shift-Dir - straight line, p - Henass's ghost The fireball explodes!
The fireball engulfs Henass's ghost!!
Henass's ghost is heavily damaged.
Henass's ghost freezes you.
You are frozen!!
You feel a terrible chill!
* * * LOW HITPOINT WARNING * * *
Unknown command.
Casting: Fireball (safe; 1% risk of failure)
Confirm with . or Enter, or press ? or * to list all spells.
Aiming: Fireball (safe; 1% risk of failure)
Press: ? - help, Shift-Dir - straight line The fireball explodes!
The fireball engulfs Henass's ghost!!
Henass's ghost is severely damaged.
* * * LOW HITPOINT WARNING * * *
Henass's ghost hits you but does no damage.
Unknown command.
Casting: Fireball (safe; 1% risk of failure)
Confirm with . or Enter, or press ? or * to list all spells.
Aiming: Fireball (safe; 1% risk of failure)
Press: ? - help, Shift-Dir - straight line The fireball explodes!
The fireball engulfs Henass's ghost!!
Henass's ghost is almost destroyed.
* * * LOW HITPOINT WARNING * * *
Henass's ghost freezes you.
You are frozen!!
You feel a terrible chill!
You die...

.......)##.#....(..))))).<)...##.
.>...).)###......................
......)...####.......##.......#..
..........###..#..########(###..#
............##...## #......##
...........#####.# #####.#.####
.......#....#########.....#.#
......##.(...#8#...##.#####.#
...#.##........'@W.##.### #.#
#....##......#8#...#....###.##
##...##.....#.######.....##..###
.#.....#...####...........##...##
...........####.................#
...#.#....###.............8:.....
...#.#...###...#.......8.....8...
.......### ###.............[.....
.....### ##(#.................


You could see Henass's ghost.

Vanquished Creatures
  Kirke (D:15)
  An orc warlord (Orc:1)
  2 rakshasas
  An ogre mage (D:13)
  A hydra (D:13)
  2 boulder beetles
  6 centaur warriors
  9 two-headed ogres
  A tengu warrior (D:13)
  A death yak (D:11)
  A skeletal warrior (D:14)
  A glowing orange brain (D:15)
  2 orc knights
  A deep elf pyromancer (D:15)
  2 orc sorcerers (Orc:1)
  3 manticores
  5 ugly things
  5 cyclopes
  A guardian serpent (shapeshifter) (D:15)
  Joseph (D:7)
  Maggie (D:6)
  An unseen horror (D:10)
  2 yaktaurs (D:14)
  2 efreet
  A freezing wraith (D:14)
  3 trolls
  3 tengu conjurers
  A hornet (D:10)
  Prince Ribbit (D:5)
  11 slime creatures
  A centaur simulacrum (D:15)
  4 wraiths
  24 yaks
  A vampire (D:9)
  A hog (D:15)
  3 basilisks
  Menkaure (D:5)
  3 vampire mosquitoes (D:13)
  An acid dragon (D:12)
  A water moccasin (D:4)
  18 orc warriors
  2 black bears
  2 ice beasts
  5 ogres
  16 centaurs
  2 bullfrogs
  2 kobold brigands
  A gnoll sergeant (D:10)
  2 scorpions (D:5)
  A wyvern zombie (D:6)
  A wyvern skeleton (D:7)
  5 killer bees
  6 howler monkeys
  An electric eel (D:11)
  2 centaur zombies
  A bullfrog zombie (D:5)
  5 jellies
  4 centaur skeletons
  6 orc priests
  A hound (D:7)
  2 gnoll shamans
  An iguana (D:7)
  9 orc wizards
  A killer bee zombie (D:8)
  A hound skeleton (D:5)
  2 howler monkey zombies (D:9)
  14 gnolls
  8 adders
  A shadow imp (D:5)
  An adder skeleton (D:4)
  A worm (D:2)
  77 orcs
  4 ball pythons
  4 bats
  16 endoplasms
  4 giant cockroaches
  5 goblins
  5 hobgoblins
  6 jackals
  20 kobolds
  4 quokkas
  6 frilled lizards
  A jackal skeleton (D:4)
  6 rats
395 creatures vanquished.

Vanquished Creatures (collateral kills)
  A sphinx (shapeshifter) (D:15)
  A boulder beetle (D:11)
  A centaur warrior (D:15)
  3 hydras
  An ogre mage (D:14)
  A manticore (D:12)
  An efreet (D:15)
  A centaur skeleton (D:14)
  An orc warrior (Orc:1)
  A centaur (D:15)
  An orc priest (Orc:1)
  An iguana (D:6)
  An orc (Orc:1)
15 creatures vanquished.

Vanquished Creatures (others)
  An orc knight (Orc:1)
  909 foxfires
  7 fungi (D:2)
  8 toadstools (D:2)
925 creatures vanquished.

Grand Total: 1335 creatures vanquished

Notes
Turn   | Place    | Note
-------+----------+-------------------------------------------
     0 | D:1      | rogsnak the Djinni Fire Elementalist began the quest for
                  | the Orb.
     0 | D:1      | Reached XP level 1. HP: 15/15 MP: 0/0
   355 | D:1      | Reached XP level 2. HP: 13/21 MP: 0/0
   810 | D:1      | Reached skill level 3 in Spellcasting
   838 | D:1      | Reached XP level 3. HP: 23/25 MP: 0/0
   838 | D:1      | Learned a level 1 spell: Sting
  1877 | D:2      | Reached XP level 4. HP: 22/31 MP: 0/0
  2322 | D:2      | Reached XP level 5. HP: 24/36 MP: 0/0
  2322 | D:2      | Learned a level 2 spell: Call Imp
  2455 | D:2      | Reached skill level 4 in Spellcasting
  2839 | D:2      | Found a faded altar of an unknown god.
  3305 | D:3      | Reached XP level 6. HP: 29/41 MP: 0/0
  3559 | D:3      | Reached skill level 1 in Fighting
  3713 | D:3      | Found a broken altar of Ashenzari.
  3722 | D:3      | Found a glowing golden altar of the Shining One.
  3955 | D:4      | Found a runed translucent door.
  3964 | D:4      | Noticed Dittersdorf's ghost (amateur GrFi)
  4061 | D:4      | Noticed a water moccasin
  4068 | D:4      | Killed a water moccasin
  4069 | D:4      | Reached skill level 5 in Spellcasting
  4363 | D:4      | Reached XP level 7. HP: 41/47 MP: 0/0
  4363 | D:4      | Learned a level 3 spell: Call Canine Familiar
  4681 | D:5      | Entered Level 5 of the Dungeon
  4772 | D:5      | Found a staircase to the Ecumenical Temple.
  4779 | D:5      | Noticed Prince Ribbit
  4781 | Temple   | Entered the Ecumenical Temple
  4985 | Temple   | Became a worshipper of Makhleb the Destroyer
  5041 | D:5      | Killed Prince Ribbit
  5042 | D:5      | Reached skill level 6 in Spellcasting
  5266 | D:5      | Reached XP level 8. HP: 42/54 MP: 0/0
  5559 | D:5      | Reached skill level 7 in Spellcasting
  5934 | D:5      | Noticed Menkaure
  5939 | D:5      | Killed Menkaure
  6149 | D:6      | Found an iron altar of Okawaru.
  6155 | D:6      | Reached XP level 9. HP: 54/58 MP: 0/0
  6155 | D:6      | Learned a level 3 spell: Summon Guardian Golem
  6310 | D:6      | Noticed Maggie
  6322 | D:6      | Killed Maggie
  6323 | D:6      | Reached skill level 8 in Spellcasting
  6704 | D:6      | Noticed Manisian's ghost (novice DsAK)
  6706 | D:6      | Found a runed translucent door.
  7047 | D:7      | Noticed Joseph
  7177 | D:7      | Killed Joseph
  7296 | D:7      | Reached skill level 9 in Spellcasting
  7574 | D:7      | Reached * piety under Makhleb
  8180 | D:8      | Reached XP level 10. HP: 62/66 MP: 0/0
  8240 | D:8      | Reached skill level 10 in Spellcasting
  8306 | D:8      | Reached skill level 5 in Dodging
  8778 | D:8      | Identified the +5 falchion of Prescription {pain, *Slow
                  | rCorr Dex+6}
  9763 | D:9      | Reached ** piety under Makhleb
  9764 | D:9      | Reached skill level 11 in Spellcasting
  9779 | D:9      | Reached XP level 11. HP: 64/72 MP: 0/0
  9779 | D:9      | Learned a level 4 spell: Summon Ice Beast
 10023 | D:10     | Entered Level 10 of the Dungeon
 10085 | D:10     | Noticed a two-headed ogre
 10091 | D:10     | Killed a two-headed ogre
 10095 | D:10     | Reached skill level 1 in Armour
 10453 | D:10     | Noticed a centaur warrior
 10482 | D:10     | Identified the +10 flail "Beastbane" {antimagic, SInv}
 10536 | D:10     | Noticed a centaur warrior
 10547 | D:10     | Killed a centaur warrior
 10583 | D:10     | Killed a centaur warrior
 10878 | D:10     | Reached skill level 12 in Spellcasting
 11107 | D:11     | Noticed a cyclops
 11132 | D:11     | Killed a cyclops
 11198 | D:11     | Found a staircase to the Lair.
 11233 | D:11     | Noticed a boulder beetle
 11242 | D:11     | Killed a boulder beetle
 11291 | D:11     | Noticed a cyclops
 11296 | D:11     | Killed a cyclops
 11415 | D:11     | Reached *** piety under Makhleb
 11416 | D:11     | Reached skill level 1 in Maces & Flails
 11417 | D:11     | Reached XP level 12. HP: 76/79 MP: 0/0
 11444 | D:11     | Noticed a death yak
 11454 | D:11     | Noticed a two-headed ogre
 11472 | D:11     | Killed a two-headed ogre
 11499 | D:11     | Killed a death yak
 11500 | D:11     | Reached skill level 13 in Spellcasting
 12297 | D:12     | Noticed a two-headed ogre
 12316 | D:11     | Killed a two-headed ogre
 12317 | D:11     | Reached skill level 5 in Fighting
 12423 | D:12     | Reached skill level 1 in Shields
 12480 | D:12     | Found a staircase to the Orcish Mines.
 12490 | D:12     | Identified a scroll of acquirement
 12491 | D:12     | Acquired 844 gold pieces
 12612 | D:12     | Found a flagged portal.
 12642 | Bailey   | Entered a bailey
 12664 | Bailey   | Reached **** piety under Makhleb
 12963 | Bailey   | Acquired a manual of Maces & Flails
 12965 | Bailey   | Upgraded the game from 0.28-a0-247-gb8bfbab023 to
                  | 0.28-a0-258-g8de209e91f
 13319 | D:13     | Noticed an eight-headed hydra
 13346 | D:13     | Found a sparkling altar of Nemelex Xobeh.
 13403 | D:13     | Noticed a rakshasa
 13410 | D:13     | Killed a rakshasa
 13411 | D:13     | Reached XP level 13. HP: 71/85 MP: 0/0
 13411 | D:13     | Learned a level 5 spell: Summon Mana Viper
 13503 | D:13     | Noticed an ogre mage
 13508 | D:13     | Reached skill level 14 in Spellcasting
 13509 | D:13     | Killed an ogre mage
 13553 | D:13     | Killed an eight-headed hydra
 13821 | D:13     | Noticed a boulder beetle
 13840 | D:13     | Noticed a four-headed hydra
 13841 | D:13     | Killed a boulder beetle
 13844 | D:13     | Killed a four-headed hydra
 14023 | D:13     | Found Diulycri's Armour Boutique.
 14095 | D:13     | Noticed a six-headed hydra
 14100 | D:13     | Killed a six-headed hydra
 14177 | D:14     | Noticed a boulder beetle
 14183 | D:14     | Killed a boulder beetle
 14210 | D:14     | Reached skill level 5 in Armour
 14258 | D:14     | Noticed a centaur warrior
 14272 | D:14     | Killed a centaur warrior
 14691 | D:14     | Noticed an ogre mage
 14692 | D:14     | Noticed a centaur warrior
 14697 | D:14     | Killed an ogre mage
 14698 | D:14     | Reached skill level 15 in Spellcasting
 14704 | D:14     | Killed a centaur warrior
 14791 | D:14     | Reached ***** piety under Makhleb
 14792 | D:14     | Reached XP level 14. HP: 88/93 MP: 0/0
 14887 | D:14     | Reached skill level 1 in Evocations
 14922 | D:14     | Found a gate to the Vaults.
 15020 | D:15     | Entered Level 15 of the Dungeon
 15125 | D:15     | Identified the +2 ring mail of Valour {*Slow +Blink rElec
                  | Dex+7}
 15322 | D:15     | Found an ornate altar of the Wu Jian Council.
 15666 | D:15     | Noticed a sphinx
 15666 | D:15     | an eleionoma changed into a sphinx
 15670 | D:15     | Killed a sphinx
 15710 | D:15     | Found a staircase to the Depths.
 15800 | D:15     | Noticed Kirke
 15812 | D:15     | Killed Kirke
 16335 | Orc:1    | Entered Level 1 of the Orcish Mines
 16337 | Orc:1    | Found a runed translucent gate.
 16337 | Orc:1    | Noticed Henass's ghost (journeyman DsIE)
 16342 | Orc:1    | Noticed an orc warlord
 16351 | Orc:1    | Killed an orc warlord
 16353 | Orc:1    | Identified the ring of Bolippoa {rPois rF+ SInv}
 16356 | Orc:1    | Identified the +1 scale mail of Xobauffa {rF+ Regen+ Int-4
                  | Dex+2}
 16359 | Orc:1    | Identified the +3 plate armour of Negation {Int+7}
 16389 | Orc:1    | Found a runed translucent gate.
 16390 | Orc:1    | Found a runed translucent gate.
 16397 | Orc:1    | Reached skill level 16 in Spellcasting
 16515 | Orc:1    | Found a transporter.
 16522 | Orc:1    | Found a transporter.
 16722 | D:12     | Frozen to death by Henass's ghost

Illustrated notes

Levels and vault maps discovered:
D:1:      onia_arrival_pyramid, layout_loops_corners
D:2:      cheibrodos_fertilizer, layout_basic,
          hellmonk_ecumenical_altar_run_dry, hangedman_feature_mirror
D:3:      layout_rooms, mainiacjoe_overflow_swirl,
          mainiacjoe_overflow_concentric_impassable, serial_bayou_pond_e
D:4:      cheibrodos_pilgrimage, layout_rooms, gammafunk_ghost_grave
D:5:      layout_rooms, minmay_temple_entry_waves, st_stairs_1,
          minmay_splitting_lines, uniq_menkaure, uniq_prince_ribbit1
D:6:      layout_loops_ring, okawaru_gym_becter, gammafunk_ghost_grave,
          uniq_maggie
D:7:      layout_basic, uniq_joseph
D:8:      layout_basic
D:9:      layout_loops_ring
D:10:     layout_grid_maze, minmay_misc_feat_roman
D:11:     argonaut_augean_stables, layout_basic
D:12:     layout_rooms, hiddenorc1_lemuel, enter_bailey_6
D:13:     layout_cave_pods, serial_shops, shop, nemelex_lonely_heart_becter
D:14:     layout_cave_pools, hangedman_vaults_entry_quadrant_bands,
          amcnicky_mini_rare_corridor_liquid
D:15:     gammafunk_enter_depths_forms, layout_basic,
          nicolae_wu_jian_wuxing_cycle, uniq_kirke
Temple:   dpeg_five_rooms_temple
Orc:1:    emtedronai_trogs_sanctum, layout_caves, biasface_ghost_orc_armoury,
          serial_shops, nicolae_lakefront_shop

Skill      XL: |  1  2  3  4  5  6  7  8  9 10 11 12 13 14 |
---------------+-------------------------------------------+-----
Spellcasting   | 3 4 5 6 7 9 11 12 13 15 16 | 16.0
Dodging        | 3 4 5 6 7 8 |  8.4
Fighting       | 1 2 3 4 5 6 |  6.8
Armour         | 2 3 5 6 |  6.0
Maces & Flails | 1 2 |  2.8
Shields        | 1 2 3 |  3.6
Evocations     | 1 |  1.2
Stealth        | |  1.6

Action                   |  1- 3 |  4- 6 |  7- 9 | 10-12 | 13-15 || total
-------------------------+-------+-------+-------+-------+-------++-------
Melee: Trident           |    10 |       |       |       |       ||    10
       Short sword       |     3 |    33 |       |       |       ||    36
       Hand axe          |       |       |    25 |    37 |       ||    62
       Flail             |       |       |       |    31 |    63 ||    94
 Cast: Foxfire           |    63 |   141 |   105 |   190 |    37 ||   536
       Sticky Flame      |       |     1 |    15 |    39 |    38 ||    93
       Fireball          |       |       |    15 |    96 |   118 ||   229
       Sting             |       |       |     2 |    13 |       ||    15
       Call Canine Famil |       |       |     1 |     1 |     4 ||     6
       Call Imp          |       |       |     1 |       |       ||     1
       Summon Ice Beast  |       |       |       |     2 |    27 ||    29
       Summon Guardian G |       |       |       |       |     4 ||     4
       Summon Mana Viper |       |       |       |       |     3 ||     3
Evoke: Wand              |       |       |       |       |     5 ||     5
  Use: Scroll            |       |       |       |    13 |     2 ||    15
 Stab: Sleeping          |     2 |       |     1 |       |       ||     3
       Distracted        |       |       |       |     1 |       ||     1
Armor: Robe              |     4 |     6 |     1 |       |       ||    11
       Steam dragon scal |       |       |     6 |    22 |       ||    28
       Troll leather arm |       |       |       |    19 |    47 ||    66
Dodge: Dodged            |    11 |    22 |    40 |   110 |   100 ||   283
Block: Other             |       |       |       |    22 |    12 ||    34
       Reflection        |       |       |       |     8 |     6 ||    14
       Buckler           |       |       |       |       |    26 ||    26

Table legend: (Time is in decaauts)
 A = Elapsed time spent in this place.
 B = Non-inter-level travel time spent in this place.
 C = Inter-level travel time spent in this place.
 D = Time resting spent in this place.
 E = Time spent auto-exploring this place.
 F = Levels seen in this place.
 G = Mean time per level.
                   A        B        C        D        E       F      G
               +--------+--------+--------+--------+--------+-----+--------+
         Total |  16775 |  16382 |    393 |   2376 |   9678 |  18 |  931.9 |
       Dungeon |  15798 |  15406 |    392 |   2297 |   9271 |  15 | 1053.2 |
        Temple |    256 |    256 |      0 |      0 |    170 |   1 |  256.0 |
  Orcish Mines |    381 |    381 |      0 |     42 |    135 |   1 |  381.0 |
        Bailey |    337 |    337 |      0 |     37 |    102 |   1 |  337.0 |
               +--------+--------+--------+--------+--------+-----+--------+

Top non-repeatable levels by time:
     D:1: 1635 daAuts
     D:2: 1561 daAuts
     D:7: 1386 daAuts
    D:15: 1277 daAuts
    D:11: 1236 daAuts
    D:13: 1058 daAuts
    D:10: 1053 daAuts
     D:4: 1052 daAuts
     D:5: 1028 daAuts
     D:8: 942 daAuts
     D:6: 909 daAuts
    D:14: 791 daAuts
     D:9: 681 daAuts
     D:3: 592 daAuts
    D:12: 591 daAuts
